 Dungeon Crawl Stone Soup version 0.26-a0-30-g56b8cd3df0 (webtiles) character file.

Game seed: 17760693808736446795, levelgen mode: deterministic

25 kae the Skirmisher (level 2, -5/24 HPs)
             Began as a Demonspawn Fighter on May 29, 2020.
             Slain by Sigmund
             ... wielding a +0 scythe
              (13 damage)
             ... on level 2 of the Dungeon.
             The game lasted 00:00:27 (611 turns).

kae the Skirmisher (Demonspawn Fighter)              Turns: 611, Time: 00:00:27

Health: -5/24      AC:  6    Str: 22    XL:     2   Next: 82%
Magic:  2/2        EV:  7    Int:  9    God:
Gold:   55         SH:  9    Dex: 12    Spells: 1/1 levels left

rFire    . . .     SeeInvis .   a - +0 flail
rCold    . . .     Gourm    .   c - +0 kite shield
rNeg     . . .     Faith    .   b - +0 scale mail
rPois    .         Spirit   .   (no helmet)
rElec    .         Reflect  .   (no cloak)
rCorr    .         Harm     .   (no gloves)
MR       .....                  (no boots)
Stlth    ..........             (no amulet)
HPRegen  0.08/turn              g - ring of wizardry (curse)
MPRegen  0.08/turn              k - +6 ring of strength

@: no status effects
A: spiny 1
a: no special abilities


You were on level 2 of the Dungeon.
You were not hungry.

You visited 1 branch of the dungeon, and saw 2 of its levels.

You collected 55 gold pieces.

Inventory:

Hand Weapons
 a - a +0 flail (weapon)
Armour
 b - a +0 scale mail (worn)
 c - a +0 kite shield (worn)
Jewellery
 g - a cursed ring of wizardry (left hand)
 k - a +6 ring of strength (right hand)
Scrolls
 e - a scroll of remove curse {unknown}
 j - 3 scrolls of identify {unknown}
Potions
 d - a potion of might
 h - a potion of mutation {unknown}
 i - 2 potions of flight {unknown}
 l - a potion of curing {unknown}
Comestibles
 f - 5 rations


   Skills:
 + Level 3.4 Fighting
 * Level 2.7 Maces & Flails
 - Level 2.6 Armour
 - Level 2.6 Shields


You had one spell level left.
You didn't know any spells.
Your spell library was empty.

Dungeon Overview and Level Annotations

Branches:
Dungeon (2/15)

Altars:

Annotations:
D:2 Sigmund


Innate Abilities, Weirdness & Mutations

You are partially covered in sharp spines.


Message History

The hobgoblin shouts!
You hit Sigmund.
Sigmund is moderately wounded.
You hear an angry hiss.
Sigmund is struck by your spines. Sigmund hits you but does no damage.
An adder comes into view.
You closely miss Sigmund.
Sigmund is moderately wounded.
Sigmund is struck by your spines. Sigmund barely misses you.
You barely miss Sigmund.
Sigmund is heavily wounded.
Sigmund hits you with a +0 scythe!
The hobgoblin hits you but does no damage.
You hit Sigmund.
Sigmund is heavily wounded.
The hobgoblin is struck by your spines. The hobgoblin barely misses you.
The kobold hits you but does no damage. Sigmund is struck by your spines.
Sigmund hits you with a +0 scythe!
Ouch! That really hurt!
You die...

#.#)#.#...#
......#...#
###.#.#.#...#
...#.#.....#
#..#.#.#...#
#..#.#.#...#
#####..#.#.#.K.#.###
#....<......@@S.....
#.#.####.#!..g......
# #.#..####.###
#.#..# # #.#### #.#
#.# #..


You could see Sigmund, an adder, a hobgoblin and a kobold.

Vanquished Creatures
  2 leopard geckos (D:1)
  2 giant cockroaches (D:1)
  2 goblins (D:1)
  2 hobgoblins (D:1)
  A jackal (D:1)
  3 bats (D:1)
  7 frilled lizards (D:1)
  3 kobolds (D:1)
  3 rats (D:1)
25 creatures vanquished.

Notes
Turn   | Place    | Note
-------+----------+-------------------------------------------
     0 | D:1      | kae the Demonspawn Fighter began the quest for the Orb.
     0 | D:1      | Reached XP level 1. HP: 18/18 MP: 1/1
    69 | D:1      | Gained mutation: You are partially covered in sharp spines.
                  | [demonic ancestry]
    69 | D:1      | Reached XP level 2. HP: 23/24 MP: 2/2
   603 | D:2      | Noticed Sigmund
   611 | D:2      | Slain by Sigmund

Illustrated notes

Levels and vault maps discovered:
D:1:      onia_arrival_pyramid, layout_loops_ring, minmay_distorted
D:2:      layout_basic, uniq_sigmund

Skill      XL: |  1 |
---------------+----+-----
Maces & Flails | 2 |  2.7
Fighting       | |  3.4
Armour         | |  2.6
Shields        | |  2.6

Action                   || total
-------------------------++-------
Melee: Flail             ||    62
Armor: Scale mail        ||    35
Dodge: Dodged            ||    19
Block: Kite shield       ||    51

Table legend:
 A = Non-vault XP
 B = Vault XP
 C = Vault XP percentage of total XP
 D = Non-vault monster count
 E = Vault monster count
 F = Vault count percentage of total count
                 A         B        C        D         E       F
            +---------+---------+-------+---------+---------+-------
      Total |      33 |       3 |   8.3 |      23 |       2 |   8.0
            +---------+---------+-------+---------+---------+-------
        D:1 |      33 |       3 |   8.3 |      23 |       2 |   8.0
            +---------+---------+-------+---------+---------+-------
